 Dungeon Crawl Stone Soup version 0.15.1-3-g1b33baa (webtiles) character file.

333 CrazyArbalest the Shield-Bearer (level 6, -5/42 HPs)
             Began as a Halfling Fighter on Oct 9, 2014.
             Slain by a worker ant (6 damage)
             ... on Level 3 of the Dungeon.
             The game lasted 00:18:18 (4455 turns).

CrazyArbalest the Shield-Bearer (Halfling Fighter)  Turns: 4455, Time: 00:18:18

HP  -5/42        AC  8     Str 16      XL: 6   Next: 82%
MP   6/6         EV 10     Int  7      God:
Gold 226         SH  6     Dex 16      Spells:  0 memorised,  5 levels left

rFire  . . .     SeeInvis .     b - +0 hunting sling
rCold  . . .     Clarity  .     B - +0 scale mail
rNeg   . . .     rCorr    .     c - +0 buckler
rPois  .         rRot     .     (no helmet)
rElec  .         Spirit   .     (no cloak)
SustAb .         Warding  .     (no gloves)
rMut   .         Stasis   .     l - +0 pair of boots
Gourm  .                        (no amulet)
MR     .....                    (no ring)
                                (no ring)

@: lethally poisoned, not resistant to hostile enchantments, extremely
unstealthy
A: mutation resistance 1
a: no special abilities


You were on level 3 of the Dungeon.
You were not hungry.

You visited 1 branch of the dungeon, and saw 4 of its levels.

You collected 226 gold pieces.

Inventory:

Hand weapons
 a - a +0 cutlass
 b - a +0 hunting sling (weapon)
Missiles
 t - 44 stones (quivered)
Armour
 c - a +0 buckler (worn)
 l - a +0 pair of boots (worn)
 B - a +0 scale mail (worn)
Magical devices
 n - a wand of frost (11)
 u - a wand of frost (14)
 y - a wand of random effects (15)
Comestibles
 d - 2 bread rations
 f - 2 meat rations
 j - a beef jerky
Scrolls
 g - 8 scrolls of identify {unknown}
 h - 5 scrolls of enchant armour {unknown}
 m - 5 scrolls of magic mapping {unknown}
 p - a scroll of random uselessness {unknown}
 q - 3 scrolls of teleportation {unknown}
 r - a scroll of recharging {unknown}
 s - 5 scrolls of remove curse {unknown}
 v - a scroll of amnesia {unknown}
 z - a scroll of fog {unknown}
Jewellery
 i - an uncursed ring of flight {unknown}
 A - a +3 ring of strength {unknown}
Potions
 e - 2 potions of might
 k - a potion of resistance {unknown}
Books
 o - a book of the Earth

   Spells                             Type                      Level
   Leda's Liquefaction                Hexes/Earth                  4
   Bolt of Magma                      Conjuration/Fire/Earth       5
   Statue Form                        Transmutation/Earth          6
   Iron Shot                          Conjuration/Earth            6
   Shatter                            Earth                        9


   Skills:
 + Level 3.2 Fighting
 + Level 3.9 Short Blades
 * Level 4.2 Slings
 + Level 4.2 Armour
 + Level 2.7 Dodging
 + Level 0.7 Stealth
 + Level 4.3 Shields


You had 5 spell levels left.
You didn't know any spells.

Dungeon Overview and Level Annotations

Branches:
Dungeon (4/15)
 Temple: D:4-7

Altars:
Okawaru
Vehumet

Annotations:
D:3 Thrillho's ghost, weakling MiFi


Innate Abilities, Weirdness & Mutations

You are small and have problems with some larger weapons.
You are somewhat resistant to further mutation.


Message History

The worker ant bites you.
* * * LOW HITPOINT WARNING * * *
You are lethally poisoned!
The worker ant poisons you! The adder bites you but does no damage.
Firing (i - inventory):
t - 46 stones (quivered)
Press: ? - help, Shift-Dir - straight line, f/p - worker ant
Aim: a worker ant (severely wounded)
You shoot a stone. The stone hits the worker ant.
The worker ant is almost dead.
* * * LOW HITPOINT WARNING * * *
You feel sick. The worker ant closely misses you. You block the adder's attack.
Firing (i - inventory):
t - 45 stones (quivered)
Press: ? - help, Shift-Dir - straight line, f/p - worker ant
Aim: a worker ant (almost dead)
You shoot a stone. The stone hits the worker ant.
The worker ant is almost dead.
* * * LOW HITPOINT WARNING * * *
You feel sick. The adder bites you but does no damage.
The worker ant bites you.
You die...

#.# ##.##.#......#.....
#.# #..................
#.#######..#.###..##.##.
#....# #............##.
#....# #.........#.....
#....## #...............
##.....###........###.###
#.......##.#.###.## #..#
#(.....a@S.......# ##.##
##.....########### #..#
##...## ##.. #...# ###
#...# #####


You could see a worker ant and an adder.

Vanquished Creatures
  A yellow wasp (D:4)
  An orc priest (D:3)
  An orc wizard (D:2)
  Ijyb (D:2)
  3 adders (D:2)
  3 giant mites
  A worm (D:2)
  4 giant geckos
  An ooze (D:3)
  2 orcs (D:3)
  14 goblins
  13 hobgoblins
  2 jackals (D:1)
  11 kobolds
  A quokka (D:3)
  2 ball pythons
  14 bats
  8 giant cockroaches
  6 giant newts
  A goblin skeleton (D:4)
  15 rats
105 creatures vanquished.

Notes
Turn   | Place    | Note
--------------------------------------------------------------
     0 | D:1      | CrazyArbalest, the Halfling Fighter, began the quest for the Orb.
     0 | D:1      | Reached XP level 1. HP: 15/15 MP: 1/1
    49 | D:1      | Reached XP level 2. HP: 16/20 MP: 2/2
   231 | D:1      | Reached XP level 3. HP: 7/26 MP: 3/3
   850 | D:2      | Reached skill level 1 in Dodging
   866 | D:2      | Found a radiant altar of Vehumet.
  1141 | D:2      | Reached XP level 4. HP: 22/31 MP: 4/4
  1389 | D:2      | Reached skill level 4 in Shields
  2216 | D:3      | Reached XP level 5. HP: 31/36 MP: 5/5
  2326 | D:3      | Noticed Thrillho's ghost (weakling MiFi)
  2381 | D:3      | Found an iron altar of Okawaru.
  2437 | D:3      | Noticed Ijyb
  2588 | D:2      | Killed Ijyb
  2847 | D:3      | Reached skill level 1 in Slings
  2847 | D:3      | Reached XP level 6. HP: 12/42 MP: 6/6
  4023 | D:4      | Noticed a yellow wasp
  4038 | D:4      | Paralysed by a yellow wasp for 1 turns
  4041 | D:4      | Killed a yellow wasp
  4453 | D:3      | HP: 2/42 [worker ant (2)]
  4455 | D:3      | Slain by a worker ant

Action                   |  1- 3 |  4- 6 || total
-------------------------+-------+-------++-------
Melee: Cutlass           |   178 |   224 ||   402
 Fire: Hunting sling     |       |   133 ||   133
Evoke: Wand              |       |     7 ||     7
  Use: Potion            |       |     4 ||     4
  Eat: Chunk             |     1 |    11 ||    12
